 Dungeon Crawl Stone Soup version 0.22-a0-565-gfc6459a524 (webtiles) character file.

1254 Kholdaimon the Summoner (level 8, -1/41 HPs)
             Began as a Tengu Summoner on June 28, 2018.
             Was an Initiate of Sif Muna.
             Slain by an ogre
             ... wielding a +0 giant spiked club
              (28 damage)
             ... on level 5 of the Dungeon.
             The game lasted 01:21:46 (7706 turns).

Kholdaimon the Summoner (Tengu Summoner)            Turns: 7706, Time: 01:21:46

Health: -1/41      AC:  4    Str: 14    XL:     8   Next: 51%
Magic:  19/24      EV: 15    Int: 15    God:    Sif Muna [......]
Gold:   174        SH:  0    Dex: 14    Spells: 11/16 levels left

rFire    . . .     SeeInvis .   j - +1 whip (elec)
rCold    . . .     Gourm    .   (no shield)
rNeg     . . .     Faith    .   n - +1 robe {Archmagi}
rPois    .         Spirit   .   (helmet restricted)
rElec    .         Reflect  .   (no cloak)
rCorr    .         Harm     .   w - +0 pair of gloves
MR       .....                  (boots unavailable)
Stlth    ++........             (no amulet)
HPRegen  0.13/turn              d - ring of magical power
MPRegen  0.19/turn              r - +2 ring of strength

@: no status effects
A: beak, talons 3, able to fly 1
a: Fly, Renounce Religion


You were on level 5 of the Dungeon.
You worshipped Sif Muna.
Sif Muna was noncommittal.
You were hungry.

You visited 2 branches of the dungeon, and saw 6 of its levels.
You also visited: Sewer.

You collected 174 gold pieces.

Inventory:

Hand Weapons
 j - a +1 whip of electrocution (weapon)
 m - a +4 dagger of venom
 D - a +1 blowgun
 G - a +0 long sword
 H - a +1 short sword of speed
Missiles
 i - 45 bolts
 l - 115 stones (quivered)
 o - 75 arrows
 q - a throwing net
 t - 2 tomahawks of returning
 v - 8 sling bullets
 E - 11 poisoned needles
Armour
 n - a +1 robe of the Archmagi (worn)
 w - a +0 pair of gloves (worn)
 N - a +2 leather armour of fire resistance
Jewellery
 d - a ring of magical power (left hand)
 r - a +2 ring of strength (right hand)
 L - an uncursed ring of positive energy
Wands
 h - a wand of disintegration (10)
 I - a wand of flame (38)
Scrolls
 b - a scroll of enchant weapon
 g - a scroll of remove curse
 k - 2 scrolls of teleportation
 s - a scroll of blinking
 u - 2 scrolls of amnesia
 y - 2 scrolls of fog
Potions
 a - a potion of flight
 e - 3 potions of cancellation
 f - 2 potions of might
 p - a potion of agility
 x - 2 potions of magic
 z - a potion of curing {unknown}
 A - a potion of haste {unknown}
 B - a potion of heal wounds {unknown}
 C - a potion of brilliance {unknown}
Comestibles
 c - 7 rations


   Skills:
 + Level 5.5 Dodging
 - Level 2.5 Stealth
 + Level 4.6 Spellcasting
 - Level 2.0 Hexes
 * Level 9.3 Summonings


You had 11 spell levels left.
You knew the following spells:

 Your Spells              Type           Power        Failure   Level  Hunger
b - Call Imp              Summ           #####...     1%          2    ##.....
c - Summon Guardian Gole  Hex/Summ       ####....     4%          3    ###....

Your spell library contained the following spells:

 Spells                   Type           Power        Failure   Level  Hunger
 Confuse                  Hex            ##......     22%         3    ###....
 Summon Small Mammal      Summ           ####         1%          1    None
 Summon Ice Beast         Ice/Summ       ####....     24%         4    ####...
 Confusing Touch          Hex            ##....       8%          1    None
 Call Canine Familiar     Summ           #####...     1%          3    ###....
 Metabolic Englaciation   Hex/Ice        #.........   97%         5    ######.
 Petrify                  Tmut/Erth      #.......     86%         4    ####...
 Summon Lightning Spire   Summ/Air       ####....     24%         4    ####...
 Gell's Gravitas          Tloc           #.........   45%         3    ###....
 Yara's Violent Unravell  Hex/Tmut       #.........   97%         5    ######.


Dungeon Overview and Level Annotations

Branches:
Dungeon (5/15)             Temple (1/1) D:4

Altars:
Ashenzari
Cheibriados
Elyvilon
Fedhas
Hepliaklqana
Kikubaaqudgha
Makhleb
Nemelex Xobeh
Okawaru
Qazlal
Ru
Sif Muna
Trog
Vehumet
Wu Jian
Xom
Yredelemnul
Zin
The Shining One

Shops:
D:4 *


Innate Abilities, Weirdness & Mutations

You have a beak for a mouth.
You have claws for feet.
You can fly.


Message History

The orc is moderately wounded.
The orc barely misses you.
You hit the orc. Lightning courses through the orc!
You kill the orc!
Sif Muna accepts your kill.
Your crimson imp hits the ogre.
The ogre closely misses you.
You see here a pair of boots.
Your crimson imp blinks!
Casting: Call Imp (safe; 1% risk of failure)
Confirm with . or Enter, or press ? or * to list all spells.
You feel a surge of power!
A beastly little devil appears in a puff of flame.
Found 15 gold pieces.
Casting: Call Imp (safe; 1% risk of failure)
Confirm with . or Enter, or press ? or * to list all spells.
You feel a surge of power!
A beastly little devil appears in a puff of frigid air.
The ogre hits you with a giant spiked club!!
Ouch! That really hurt!
You die...

.. #......$.# ....####
#........# ........
#......... ..####.
#........# ###...
#........# ###...##
#........# ##...###
#......5.# ####..###
#......@5# ##....##
#.......O###..###### #
########.[.ยง.........
. ### ####)...#######
# #....#...)..##
#(.(...(...##
#.%...##...# #....
###.# #... ..#


You could see an ogre, a friendly crimson imp and a friendly white imp.

Vanquished Creatures
  Sigmund (D:4)
  Duvessa (D:5)
  A slave (D:4)
  An ogre (D:5)
  A crimson imp (D:4)
  A bullfrog zombie (D:5)
  A centaur skeleton (D:5)
  2 hounds
  A centaur zombie (D:5)
  A worker ant (D:4)
  An orc wizard (D:5)
  A howler monkey skeleton (D:4)
  A river rat (Sewer)
  An adder (D:4)
  An adder zombie (D:5)
  3 orcs
  6 bats
  2 giant cockroaches (D:2)
  2 goblins
  2 frilled lizards
  3 kobolds
  3 rats
37 creatures vanquished.

Vanquished Creatures (collateral kills)
  Pikel (D:4)
  The ghost of Kholdaimon the Charmwright, an amateur GnSk (D:4)
  2 big kobolds (Sewer)
  Dowan (D:5)
  A howler monkey (D:4)
  A hound (D:4)
  A jelly (D:5)
  2 orc priests
  Jessica (D:3)
  Ijyb (D:4)
  3 worker ants (D:4)
  5 adders
  2 river rats
  4 oozes
  An adder skeleton (D:4)
  6 worms
  A dart slug (D:2)
  4 leopard geckos
  10 orcs
  3 giant cockroaches
  2 goblins
  6 hobgoblins
  15 kobolds
  A quokka (D:2)
  A ball python (D:2)
  7 bats
  5 frilled lizards
  A quokka skeleton (D:4)
  6 rats
95 creatures vanquished.

Vanquished Creatures (others)
  An adder (D:4)
1 creature vanquished.

Grand Total: 133 creatures vanquished

Notes
Turn   | Place    | Note
-------+----------+-------------------------------------------
     0 | D:1      | Kholdaimon the Tengu Summoner began the quest for the Orb.
     0 | D:1      | Reached XP level 1. HP: 10/10 MP: 4/4
   294 | D:1      | Reached skill level 5 in Summonings
   367 | D:1      | Reached XP level 2. HP: 13/15 MP: 6/6
   374 | D:1      | Learned a level 2 spell: Call Imp
   915 | D:2      | Found a radiant altar of Vehumet.
   944 | D:2      | Found a glowing golden altar of the Shining One.
  1261 | D:2      | Reached XP level 3. HP: 19/19 MP: 7/7
  1533 | D:2      | Learned a level 3 spell: Summon Guardian Golem
  1555 | D:2      | Found a bloodstained altar of Trog.
  1742 | D:2      | Found an ancient bone altar of Kikubaaqudgha.
  2227 | D:3      | Reached XP level 4. HP: 12/24 MP: 8/8
  2286 | D:3      | Found a glowing drain.
  2298 | Sewer    | Entered a sewer
  2652 | Sewer    | Noticed a big kobold
  2662 | Sewer    | Killed a big kobold
  2662 | Sewer    | Reached skill level 1 in Hexes
  2662 | Sewer    | Gained mutation: You can fly. [Tengu growth]
  2662 | Sewer    | Reached XP level 5. HP: 28/28 MP: 9/9
  2828 | Sewer    | Noticed a big kobold
  2832 | Sewer    | Reached skill level 6 in Summonings
  2839 | Sewer    | Killed a big kobold
  3927 | D:3      | Found a faded altar of an unknown god.
  4246 | D:3      | Noticed Jessica
  4258 | D:3      | Killed Jessica
  4293 | D:3      | Reached XP level 6. HP: 32/32 MP: 11/11
  4768 | D:4      | Found Wueloat's Assorted Antiques.
  4778 | D:4      | Noticed Ijyb
  4792 | D:4      | Killed Ijyb
  5022 | D:4      | Noticed Sigmund
  5022 | D:4      | Noticed a slave
  5023 | D:4      | Noticed Pikel
  5037 | D:4      | Noticed a slave
  5039 | D:4      | Noticed a slave
  5053 | D:4      | Noticed a slave
  5071 | D:4      | Killed a slave
  5073 | D:4      | Found a staircase to the Ecumenical Temple.
  5079 | D:4      | Killed Pikel
  5079 | D:4      | Reached skill level 8 in Summonings
  5079 | D:4      | Reached XP level 7. HP: 29/36 MP: 8/13
  5090 | D:4      | Killed Sigmund
  5132 | Temple   | Entered the Ecumenical Temple
  5638 | Temple   | Became a worshipper of Sif Muna the Loreminder
  5878 | D:4      | Reached XP level 8. HP: 41/41 MP: 15/15
  5898 | D:4      | Found a runed door.
  5917 | D:4      | Noticed Kholdaimon's ghost (amateur GnSk)
  6779 | D:4      | Killed Kholdaimon's ghost
  6779 | D:4      | Reached skill level 5 in Dodging
  7076 | D:5      | Entered Level 5 of the Dungeon
  7296 | D:5      | Reached skill level 9 in Summonings
  7300 | D:5      | Found a stormy altar of Qazlal.
  7331 | D:5      | Noticed Duvessa
  7336 | D:5      | Noticed Dowan
  7362 | D:5      | Killed Dowan
  7389 | D:5      | Killed Duvessa
  7706 | D:5      | Slain by an ogre

Vault maps used:
D:1:      minmay_arrival_arboretum_small, hex_intersection
D:2:      fiery_altar_vehumet, lemuel_doored_altar, bloody_trog, tso_metal_star,
          grunt_decor_resistance
D:3:      cheibrodos_sewer_entry_sluice, chequers_ecumenical_altar_grove,
          uniq_jessica
D:4:      minmay_temple_entry_grid, serial_shops, kennysheep_mini_moat,
          first_ration, gammafunk_ghost_grave, grunt_ministairs_8,
          minmay_crossroads, uniq_sigmund, uniq_ijyb, uniq_pikel
D:5:      kennysheep_six_static_rooms, lemuel_crystal_altar, marbit_many_paths,
          uniq_duvessa, uniq_menkaure
Temple:   minmay_temple_curvy_branch
Sewer:    sewer_co_tree

Skill      XL: |  1  2  3  4  5  6  7  8 |
---------------+-------------------------+-----
Summonings     | 5 6 8 9 |  9.3
Dodging        | 3 4 5 |  5.5
Hexes          | 1 2 |  2.0
Spellcasting   | 3 4 |  4.6
Stealth        | |  2.5

Action                   |  1- 3 |  4- 6 |  7- 9 || total
-------------------------+-------+-------+-------++-------
Melee: Hand axe          |    26 |    21 |       ||    47
       Unarmed           |     3 |       |       ||     3
       Peck              |     1 |    12 |     8 ||    21
       Club              |     1 |       |       ||     1
       Kick              |     4 |    15 |    15 ||    34
       Long sword        |       |    11 |       ||    11
       Dagger            |       |    19 |    21 ||    40
       Whip              |       |       |    29 ||    29
 Fire: Blowgun           |       |       |    12 ||    12
Throw: Stone             |     4 |    11 |       ||    15
 Cast: Summon Small Mamm |    11 |     1 |       ||    12
       Call Imp          |    26 |    71 |    48 ||   145
       Summon Guardian G |       |       |     2 ||     2
 Abil: Fly               |       |     2 |       ||     2
  Use: Scroll            |     1 |    13 |       ||    14
       Potion            |       |       |     1 ||     1
 Stab: Sleeping          |     6 |       |     1 ||     7
       Distracted        |       |     4 |     1 ||     5
  Eat: Chunk             |     5 |    10 |     7 ||    22
       Ration            |       |     1 |     1 ||     2
Armor: Robe              |     7 |     6 |     7 ||    20
Dodge: Dodged            |    35 |    52 |    38 ||   125
       Rpst.: Long sword |       |     1 |       ||     1

Table legend:
 A = Spawn XP
 B = Non-spawn XP
 C = Spawn XP percentage of total XP
 D = Spawn monster count
 E = Non-spawn monster count
 F = Spawn count percentage of total count
 G = Total turns spent on level
                    A         B        C        D         E        F      G
               +---------+---------+-------+---------+---------+-------+---------
         Total |       0 |    1792 |   0.0 |       0 |     131 |   0.0 |  7706
               +---------+---------+-------+---------+---------+-------+---------
           D:1 |       0 |      26 |   0.0 |       0 |      22 |   0.0 |   933
           D:2 |       0 |      38 |   0.0 |       0 |      26 |   0.0 |  1270
           D:3 |       0 |      76 |   0.0 |       0 |      15 |   0.0 |  1585
           D:4 |       0 |    1018 |   0.0 |       0 |      27 |   0.0 |  1769
           D:5 |       0 |     454 |   0.0 |       0 |      13 |   0.0 |   630
         Sewer |       0 |     180 |   0.0 |       0 |      28 |   0.0 |   990
               +---------+---------+-------+---------+---------+-------+---------
